 Dungeon Crawl Stone Soup version 0.29-a0-789-g7a8fcbc185 (webtiles) character file.

Game seed: 5336000555829222912

49 ReploidZero the Chiller (level 3, -3/31 HPs)
             Began as an Ogre Ice Elementalist on July 2, 2022.
             Slain by a gnoll
             ... wielding a +0 flail
              (10 damage)
             ... on level 2 of the Dungeon.
             The game lasted 00:03:13 (1090 turns).

ReploidZero the Chiller (Ogre Ice Elementalist)     Turns: 1090, Time: 00:03:13

Health: -3/31      AC:  3    Str: 12    XL:     3   Next: 77%
Magic:  1/8        EV: 10    Int: 18    God:
Gold:   41         SH:  0    Dex:  9    Spells: 2/9 levels left

rFire   . . .      SeeInvis .   (no weapon)
rCold   . . .      Faith    .   (no shield)
rNeg    . . .      Spirit   .   a - +0 robe
rPois   .          Reflect  .   (helmet restricted)
rElec   .          Harm     .   (no cloak)
rCorr   .          Rampage  .   (gloves unavailable)
Will    .....                   (boots unavailable)
Stlth   +.........              (no amulet)
HPRegen 0.10/turn               (no ring)
MPRegen 0.11/turn               (no ring)

@: mighty, lethally poisoned (-3 -> -9), freezing walls
A: large, unfitting armour, tough skin 1
a: no special abilities


You were on level 2 of the Dungeon.
You visited 1 branch of the dungeon, and saw 2 of its levels.

You collected 41 gold pieces.

Inventory:

Missiles
 c - 27 stones
 f - a throwing net
Armour
 a - a +0 robe (worn)
Scrolls
 d - a scroll of vulnerability {unknown}
 g - a scroll of fear {unknown}
 h - a scroll of immolation {unknown}
 i - a scroll of identify {unknown}
Potions
 b - a potion of magic
 e - a potion of might


   Skills:
 - Level 2.0 Dodging
 - Level 1.4 Stealth
 + Level 3.5 Spellcasting
 + Level 4.2 Ice Magic


You had 2 spell levels left.
You knew the following spells:

 Your Spells              Type           Power      Damage    Failure   Level
a - Freeze                Ice            72%        1d9       2%          1
b - Frozen Ramparts       Ice            36%        1d5       9%          3
c - Ozocubu's Armour      Ice            18%        N/A       9%          3

Your spell library contained the following spells:

 Spells                   Type           Power      Damage    Failure   Level
 Hailstorm                Conj/Ice       10%        3d5       54%         4


Dungeon Overview and Level Annotations

Branches:
Dungeon (2/15)

Altars:


Innate Abilities, Weirdness & Mutations

You are too large for most types of armour.
You have tough skin. (AC +1)


Message History

The gnoll hits you with a +0 flail.
The wall freezes the gnoll.
Unknown command.
Unknown command.
Aiming: Freeze (safe; 3% risk of failure)
Press: ? - help, Q - select action, (/) - cycle Shift-Dir - straight line, f - gnoll
Aim: a gnoll, wielding a +2 whip of electrocution (heavily wounded)
You freeze the gnoll!
You kill the gnoll!
The wall freezes the gnoll.
The gnoll hits you but does no damage.
You are poisoned.
The gnoll hits you with a +0 flail!
A kobold comes into view. It is wielding a +0 club.
Aiming: Freeze (safe; 2% risk of failure)
Press: ? - help, Q - select action, (/) - cycle Shift-Dir - straight line, f - gnoll
Aim: a gnoll, wielding a +1 halberd of venom (moderately wounded)
You freeze the gnoll.
The gnoll is severely wounded.
You feel very sick. The ball python barely misses you.
The wall freezes the gnoll.
The gnoll barely misses you. x2
Aiming: Freeze (safe; 2% risk of failure)
Press: ? - help, Q - select action, (/) - cycle Shift-Dir - straight line, f/p - gnoll
Aim: a gnoll, wielding a +1 halberd of venom (almost dead)
You freeze the gnoll!
You kill the gnoll!
You feel sick.
The wall freezes the quokka but does no damage.
The quokka bites you. The ball python closely misses you.
The gnoll hits you with a +0 flail!
* * * LOW HITPOINT WARNING * * *
Unknown command.
It was a potion of might.
You feel very mighty all of a sudden.
* * * LOW HITPOINT WARNING * * *
You feel sick.
The wall freezes the quokka.
The quokka closely misses you.
The ball python bites you but does no damage. x2
The wall freezes the quokka.
You kill the quokka!
The gnoll hits you with a +0 flail!
You die...

..#...#..#.
.......... .
......).. ..
#......# .#
#.....?# $.#.
..#......#.....
......Sg)......
$...K.†@.#
......)#..#
#.....# #.#
###### .# #


You could see a gnoll, a ball python and a kobold.

Vanquished Creatures
  2 gnolls (D:2)
  2 ball pythons (D:1)
  A bat (D:1)
  5 endoplasms (D:1)
  A hobgoblin (D:1)
  6 jackals (D:1)
  2 quokkas
  A frilled lizard (D:1)
  4 goblins (D:1)
  3 kobolds (D:1)
  2 rats (D:1)
29 creatures vanquished.

Notes
Turn   | Place    | Note
-------+----------+-------------------------------------------
     0 | D:1      | ReploidZero the Ogre Ice Elementalist began the quest for
                  | the Orb.
     0 | D:1      | Reached XP level 1. HP: 16/16 MP: 3/3
   136 | D:1      | Reached XP level 2. HP: 13/24 MP: 3/5
   670 | D:1      | Reached skill level 4 in Ice Magic
   768 | D:1      | Reached XP level 3. HP: 31/31 MP: 5/7
   772 | D:1      | Learned a level 3 spell: Frozen Ramparts
   776 | D:1      | Learned a level 3 spell: Ozocubu's Armour
  1090 | D:2      | Slain by a gnoll

Illustrated notes

Levels and vault maps discovered:
D:1:      mushboom_english_gardens, layout_basic, nrook_campfire, minmay_tall_x
D:2:      layout_rooms, hellmonk_ecumenical_altar_lost_god, minmay_crystal_room,
          minmay_misc_feat_pillars, minmay_heptomino_l4

Skill      XL: |  1  2 |
---------------+-------+-----
Dodging        | 2 |  2.0
Spellcasting   | 3 |  3.5
Ice Magic      | 4 |  4.2
Stealth        | |  1.4

Action                   || total
-------------------------++-------
Melee: Unarmed           ||    30
 Cast: Freeze            ||    32
       Frozen Ramparts   ||     2
  Use: Potion            ||     1
Armor: Robe              ||    24
Dodge: Dodged            ||    28

Table legend: (Time is in decaauts)
 A = Elapsed time spent in this place.
 B = Non-inter-level travel time spent in this place.
 C = Inter-level travel time spent in this place.
 D = Time resting spent in this place.
 E = Time spent auto-exploring this place.
 F = Levels seen in this place.
 G = Mean time per level.
                   A        B        C        D        E       F      G
               +--------+--------+--------+--------+--------+-----+--------+
         Total |   1089 |   1057 |     32 |      0 |    894 |   2 |  544.5 |
       Dungeon |   1089 |   1057 |     32 |      0 |    894 |   2 |  544.5 |
               +--------+--------+--------+--------+--------+-----+--------+

Top non-repeatable levels by time:
     D:1: 1085 daAuts
     D:2: 4 daAuts
